 Dungeon Crawl Stone Soup version 0.29.1-2-gbd0b4ee654 (webtiles) character file.

Game seed: 16077681574466345342

401300 mortz the Hoplite (level 23, -4/132 HPs)
             Began as a Gargoyle Earth Elementalist on Oct 28, 2022.
             Was a High Priest of Okawaru.
             Killed from afar by a red draconian scorcher (44 damage)
             ... with a bolt of fire
             ... on level 8 of a ziggurat on Oct 29, 2022.
             The game lasted 09:15:23 (74652 turns).

mortz the Hoplite (Gargoyle Earth Elementalist)    Turns: 74652, Time: 09:15:24

Health: -4/132     AC: 61    Str: 19    XL:     23   Next: 31%
Magic:  0/34       EV:  8    Int: 20    God:    Okawaru [*****.]
Gold:   4758       SH: 29    Dex: 12    Spells: 30/33 levels left

rFire   . . .      SeeInvis .   a - +8 scimitar (flame)
rCold   . . .      Faith    .   o - +5 tower shield "Picrae" {Will+ Regen+ Dex-2}
rNeg    + + +      Spirit   +   c - +15 Maxwell's patent armour {-Cast -Tele rElec Will+ rCorr}
rPois   ∞          Reflect  .   X - +2 hat of the Majestic God {*Corrode rN++ Str+4}
rElec   +          Harm     .   H - scarf {repulsion}
rCorr   +          Rampage  .   f - +2 pair of gloves {Stlth+}
Will    ++++.      NoTele   +   T - +2 pair of boots {Fly}
Stlth   .......... NoCast   +   q - amulet of guardian spirit
HPRegen 1.12/turn               S - +4 ring of protection
MPRegen 0.24/turn               J - ring of resist corrosion

@: mighty, finesse-ful, flying, studying 4 skills, repel missiles
A: sickness immunity, AC +17, big wings, negative energy resistance 1,
electricity resistance, torment resistance 1, petrification resistance, frail 1,
strong-willed 1
}: 2/15 runes: decaying, gossamer
a: Renounce Religion, Heroism, Finesse, Duel


You were on level 8 of a ziggurat.
You worshipped Okawaru.
Okawaru was extremely pleased with you.
You visited 9 branches of the dungeon, and saw 39 of its levels.
You visited the Abyss 1 time.
You visited 1 ziggurat, and saw 8 of its levels.
You also visited: Sewer, Ossuary and Wizlab.

You collected 5981 gold pieces.
You spent 1223 gold pieces at shops.

Inventory:

Hand Weapons
 a - a +8 scimitar of flaming (weapon)
 b - the +6 spear "Rixagaalyk" {venom, Str+4 SInv}
   (You found it on level 8 of the Dungeon)

   It poisons the flesh of those it strikes.
   Str:       It affects your strength (+4).
   SInv:      It lets you see invisible.
 j - a +7 spectral trident
 s - the +4 trident of Cruel Justice {vorpal, rElec Str+4 Int+3 Dex+2}
   (You found it on level 11 of the Dungeon)

   It inflicts extra damage upon your enemies.
   Str:       It affects your strength (+4).
   Int:       It affects your intelligence (+3).
   Dex:       It affects your dexterity (+2).
   rElec:     It insulates you from electricity.
 x - the +7 falchion of Otryd {freeze, Stlth+}
   (You took it off a deep elf elementalist on level 3 of the Elven Halls)

   It freezes those it strikes, dealing additional cold damage.
   It can also slow down cold-blooded creatures.
   Stlth:     It makes you more stealthy.
 Y - the +14 obsidian axe {vorpal, Mesm Drain Fly SInv}
   (You found it on level 7 of a ziggurat)

   It inflicts extra damage upon your enemies.
   It occasionally summons demons to assist the wielder when it strikes in
   combat.
   Its wielder is mesmerised by any visible foes.
   It cannot be unequipped while any foes are visible.
   SInv:      It lets you see invisible.
   Fly:       It grants you flight.
   Drain:     It drains your maximum health when unequipped.
Armour
 c - the +15 Maxwell's patent armour (worn) {-Cast -Tele rElec Will+ rCorr}
   (You acquired it on level 1 of the Dungeon)

   rElec:     It insulates you from electricity.
   -Cast:     It prevents spellcasting.
   -Tele:     It prevents most forms of teleportation.
   rCorr:     It protects you from acid and corrosion.
   Will:      It increases your willpower.
 d - the +6 chain mail of Fuduwn {Rampage rElec rC+++ Dex-4}
   (You found it on level 4 of the Spider Nest)

   Dex:       It affects your dexterity (-4).
   rC:        It renders you almost immune to cold.
   rElec:     It insulates you from electricity.
   Rampage:   It bestows one free step when moving towards enemies.
 f - a +2 pair of gloves of stealth (worn)
 o - the +5 tower shield "Picrae" (worn) {Will+ Regen+ Dex-2}
   (You found it on level 2 of the Dungeon)

   Dex:       It affects your dexterity (-2).
   Regen:     It increases your rate of health regeneration.
   Will:      It increases your willpower.
 t - the +3 Mad Mage's Maulers {Infuse+∞ RegenMP Int-3}
   (Okawaru gifted it to you on level 1 of the Vaults)

   It empowers its wearer's blows with all of their magic.
   It causes its wearer's magical reserves to regenerate more quickly.
   Int:       It affects your intelligence (-3).
 B - the +12 plate armour "Piyteusesch" {Contam *Corrode Dex+9 Slay+3}
   (Okawaru gifted it to you on level 2 of the Vaults)

   Dex:       It affects your dexterity (+9).
   Slay:      It affects your accuracy & damage with ranged weapons and melee
   (+3).
   Contam:    It causes magical contamination when unequipped.
   *Corrode:  It may corrode you when you take damage.
 G - +0 gold dragon scales
 H - a scarf of repulsion (worn)
 T - a +2 pair of boots of flying (worn)
 X - the +2 hat of the Majestic God (worn) {*Corrode rN++ Str+4}
   (You found it on level 1 of the Elven Halls)

   Str:       It affects your strength (+4).
   rN:        It greatly protects you from negative energy.
   *Corrode:  It may corrode you when you take damage.
Jewellery
 k - a +6 ring of intelligence
 l - the ring of Laigolagie {rF+ Str+4 Int+6}
   (You acquired it on level 3 of a ziggurat)

   [ring of intelligence]

   Str:       It affects your strength (+4).
   Int:       It affects your intelligence (+6).
   rF:        It protects you from fire.
 q - an amulet of guardian spirit (around neck)
 E - a +6 ring of dexterity
 J - a ring of resist corrosion (right hand)
 N - the ring of Activism {EV+4 Int+5 SInv}
   (You took it off a deep elf blademaster on level 3 of the Elven Halls)

   [ring of evasion]

   EV:        It affects your evasion (+4).
   Int:       It affects your intelligence (+5).
   SInv:      It lets you see invisible.
 O - the ring "Oczorchu" {rF+ Dex+4 SInv}
   (You found it on level 6 of a ziggurat)

   [ring of see invisible]

   Dex:       It affects your dexterity (+4).
   rF:        It protects you from fire.
   SInv:      It lets you see invisible.
 P - an amulet of regeneration
 Q - a ring of protection from cold
 S - a +4 ring of protection (left hand)
 V - a +4 ring of protection
 Z - a ring of protection from fire
Wands
 y - a wand of mindburst (12)
 z - a wand of iceblast (8)
 A - a wand of polymorph (20)
 C - a wand of light (5)
 D - a wand of flame (3) (quivered)
Scrolls
 e - 6 scrolls of teleportation
 m - 6 scrolls of fear
 n - a scroll of blinking
 v - 7 scrolls of poison
 F - a scroll of amnesia
 K - 10 scrolls of immolation
 M - 9 scrolls of fog
 U - 4 scrolls of magic mapping
 W - a scroll of enchant armour
Potions
 g - 11 potions of haste
 h - 6 potions of attraction
 i - 18 potions of mutation
 p - 11 potions of curing
 r - 7 potions of brilliance
 u - 2 potions of resistance
 w - 2 potions of berserk rage
 I - a potion of might
 L - 2 potions of invisibility
 R - 5 potions of ambrosia


   Skills:
 * Level 16.2 Fighting
 - Level 6.0(12.1) Short Blades
 * Level 16.2(16.6) Long Blades
 + Level 0.3(6.4) Axes
 + Level 10.4 Polearms
 - Level 2.4 Throwing
 + Level 13.4 Armour
 + Level 4.2 Dodging
 + Level 4.6 Stealth
 + Level 26.2 Shields
 - Level 5.9 Spellcasting
 + Level 0.7 Transmutations
 + Level 8.2 Earth Magic
 + Level 15.6 Invocations
 + Level 2.4 Evocations


You had 30 spell levels left.
You knew the following spells:

 Your Spells              Type           Power      Damage    Failure   Level
a - Sandblast             Erth           76%        2d16      5%          1
p - Passwall              Tmut/Erth      19%        N/A       36%         2

Your spell library contained the following spells:

 Spells                   Type           Power      Damage    Failure   Level
 Stone Arrow              Conj/Erth      44%        3d9       65%         3
 Apportation              Tloc           10%        N/A       86%         1
 Magic Dart               Conj           20%        1d4       86%         1
 Necrotise                Necr           20%        1d5       86%         1
 Shock                    Conj/Air       20%        1d4       86%         1
 Slow                     Hex            20%        N/A       86%         1
 Wereblood                Tmut           8%         N/A       88%         2
 Blink                    Tloc           10%        N/A       94%         2
 Scorch                   Fire           10%        2d6       94%         2
 Searing Ray              Conj           10%        2d4       94%         2
 Petrify                  Tmut/Erth      23%        N/A       95%         4
 Frozen Ramparts          Ice            10%        1d2       99%         3
 Ignite Poison            Fire/Tmut/Pois 6%         N/A       99%         3
 Lesser Beckoning         Tloc           5%         N/A       99%         3
 Mephitic Cloud           Conj/Pois/Air  5%         N/A       99%         3
 Ozocubu's Armour         Ice            5%         N/A       99%         3
 Portal Projectile        Hex/Tloc       10%        N/A       99%         3
 Swiftness                Air            5%         N/A       99%         3
 Airstrike                Air            2%         2d(1-17)  100%        4
 Anguish                  Hex/Necr       2%         N/A       100%        4
 Corpse Rot               Necr/Pois/Air  5%         N/A       100%        4
 Dispel Undead            Necr           5%         3d7       100%        4
 Flame Wave               Conj/Fire      5%         2d5       100%        4
 Fulminant Prism          Conj/Hex       2%         3d6       100%        4
 Ice Form                 Ice/Tmut       7%         N/A       100%        4
 Agony                    Necr           5%         N/A       100%        5
 Alistair's Intoxication  Tmut/Pois      4%         N/A       100%        5
 Blade Hands              Tmut           4%         N/A       100%        5
 Borgnjor's Vile Clutch   Necr/Erth      11%        N/A       100%        5
 Freezing Cloud           Conj/Ice/Air   2%         6-21      100%        5
 Metabolic Englaciation   Hex/Ice        2%         N/A       100%        5
 Silence                  Hex/Air        2%         N/A       100%        5
 Eringya's Noxious Bog    Tmut/Pois      3%         N/A       100%        6
 Iron Shot                Conj/Erth      11%        9d3       100%        6
 Enfeeble                 Hex            2%         N/A       100%        7
 Ozocubu's Refrigeration  Ice            2%         4d8       100%        7
 Storm Form               Tmut/Air       3%         N/A       100%        7
 Lehudib's Crystal Spear  Conj/Erth      11%        10d4      100%        8
 Maxwell's Capacitive Co  Air            2%         ∞         100%        8
 Summon Small Mammal      Summ           Unusable   N/A       N/A         1
 Call Imp                 Summ           Unusable   N/A       N/A         2
 Sublimation of Blood     Necr           Unusable   N/A       N/A         2
 Animate Armour           Summ/Erth      Unusable   N/A       N/A         4
 Summon Guardian Golem    Hex/Summ       Unusable   N/A       N/A         3
 Animate Dead             Necr           Unusable   N/A       N/A         4
 Summon Ice Beast         Ice/Summ       Unusable   N/A       N/A         4
 Summon Lightning Spire   Summ/Air       Unusable   N/A       N/A         4
 Death Channel            Necr           Unusable   N/A       N/A         6
 Summon Cactus Giant      Summ           Unusable   N/A       N/A         6
 Summon Hydra             Summ           Unusable   N/A       N/A         7

Dungeon Overview and Level Annotations

Branches:
Dungeon (15/15) Zot: 24205  Temple (1/1) D:6 Zot: 5847    Lair (5/5) D:9 Zot: 23658
  Swamp (4/4) Lair:2 Zot: 19326  Spider (4/4) Lair:2 Zot: 14959   Slime (0/5) Lair:5
    Orc (2/2) D:11 Zot: 7552     Elf (3/3) Orc:2 Zot: 13040  Vaults (4/5) D:13 Zot: 7051
  Crypt (0/3) Vaults:3     Depths (1/4) D:15 Zot: 5869   Sewer (visited)
Ossuary (visited)          WizLab (visited)

Altars:
Ashenzari
Cheibriados
Dithmenos
Elyvilon
Fedhas
Gozag
Hepliaklqana
Kikubaaqudgha
Makhleb
Nemelex Xobeh
Okawaru
Qazlal
Ru
Sif Muna
Trog
Uskayaw
Vehumet
Wu Jian
Xom
Yredelemnul
Zin
The Shining One
Jiyva

Shops:
D:12 [   Orc:2 (([[   Elf:2 *   Vaults:1 (*::!   Vaults:3 (

Portals:
Hell: Lair:5
Abyss: Depths:1
Trove: D:11 (give +5 demon whip)

Annotations:
Depths:1 1 transporter, Nide's ghost, veteran KoEE


Innate Abilities, Weirdness & Mutations

You are immune to sickness and miasma.
Your stone body is resilient. (AC +17)
You are immune to poison.
Your large and strong wings let you fly.
You resist negative energy. (rN+)
You are resistant to electric shocks. (rElec)
You are resistant to unholy torment.
You are immune to petrification.
You are frail. (-10% HP)
You are strong-willed. (Will+)


Message History

The yellow draconian annihilator gestures wildly while chanting.
The yellow draconian annihilator blinks!
The green draconian closely misses you.
The black draconian breathes lightning at you.
The bolt of lightning hits you. You resist.
The bolt of lightning hits the black draconian.
The black draconian completely resists.
You slice the black draconian!! You burn the black draconian.
The black draconian is severely wounded.
You slash the black draconian! You burn the black draconian.
The black draconian is almost dead.
You slash the black draconian! You burn the black draconian.
You kill the black draconian!
Okawaru accepts your kill. The green draconian tail-slaps you!
You hit the red draconian scorcher.
The red draconian scorcher is lightly wounded.
Something hits you!
* * * LOW HITPOINT WARNING * * *
You cannot teleport because you are wearing the +15 Maxwell's patent armour {-Cast -Tele rElec Will+ rCorr}.
Unknown command.
You feel better. Something hits you but does no damage.
The yellow draconian annihilator mumbles some strange words.
The yellow draconian annihilator blinks!
The green draconian barely misses you.
You feel very mighty all of a sudden. Something hits you.
The red draconian scorcher breathes fire at you.
Something hits you. Something hits you but does no damage.
You slash the red draconian scorcher! You burn the red draconian scorcher.
The red draconian scorcher is moderately wounded.
You are engulfed in blazing flames.
You hit the red draconian scorcher. You burn the red draconian scorcher.
The red draconian scorcher is heavily wounded.
You are engulfed in blazing flames.
Something hits you but does no damage.
You hear some strange, mumbled words.
A shard of ice appears from out of thin air!
The red draconian scorcher gestures at you while chanting.
The bolt of fire hits you!!!
You die...

▓▓▓▓▓.▓▓▓▓▓
▓▓.........▓▓▓
.............▓▓
........q.....▓▓
...............▓
...............▓
!............{q▓▓
)............d{@▓
d............dq▓▓
...............▓
...............▓
..............▓▓
.............▓▓
▓▓.........▓▓▓
▓▓▓▓▓.▓▓▓▓▓


You could see 2 draconians, a purple draconian shifter, a yellow draconian
annihilator and a red draconian scorcher.

Vanquished Creatures
  A dread lich (Zig:7)
  A pandemonium lord (Zig:2)
  A golden dragon (Zig:7)
  A tentacled monstrosity (Swamp:1)
  Rupert (D:14)
  Jorgrun (Elf:2)
  5 deep elf master archers
  A titan (Vaults:4)
  A quicksilver dragon (shapeshifter) (D:15)
  3 deep elf blademasters
  A tentacled starspawn (Arena)
  Gastronok (Lair:3)
  5 sphinxes
  4 thorn hunters
  Agnes (Spider:3)
  A tengu reaver (Zig:7)
  Kirke (Swamp:3)
  3 revenants (Zig:5)
  Donald (Spider:3)
  4 fenstrider witches
  A draconian scorcher (Zig:8)
  10 emperor scorpions
  A draconian knight (Zig:1)
  7 orc warlords
  5 deep elf sorcerers
  2 frost giants
  14 vault wardens
  7 ghost moths
  10 deep elf elementalists (Elf:3)
  A curse skull (Zig:5)
  2 ghouls
  A draconian stormcaller (Zig:3)
  Aizul (Swamp:3)
  15 ironbound preservers
  5 war gargoyles
  3 broodmothers
  A very ugly thing (Vaults:3)
  7 ironbound thunderhulks
  3 stone giants
  A deep elf demonologist (Elf:3)
  A red draconian (Zig:3)
  3 eleionomae
  A white draconian (Zig:3)
  A black draconian (Zig:8)
  12 dire elephants
  11 entropy weavers
  9 deep elf annihilators (Elf:3)
  3 spark wasps
  A bunyip (Swamp:3)
  4 crystal guardians
  2 deep elf death magi
  3 shambling mangroves (WizLab)
  2 ettins
  7 yaktaur captains
  5 great orbs of eyes
  11 vault guards
  4 deep elf high priests
  The ghost of math4jedi the Cleaver, a journeyman MiBe of Trog (D:10)
  Harold (Lair:2)
  An ice dragon (shapeshifter) (Elf:1)
  5 peacekeepers
  7 ironbound frosthearts
  3 radroaches
  23 hydras
  2 ghost crabs (Swamp:4)
  A catoblepas (Lair:2)
  4 boulder beetles
  16 centaur warriors
  10 alligators
  2 ogre magi
  6 two-headed ogres
  23 dancing weapons
  15 death yaks
  A death knight (Vaults:2)
  2 deep troll earth magi (D:15)
  2 satyrs (WizLab)
  A vampire mage (Zig:5)
  A deep troll shaman (D:15)
  2 tengu warriors
  2 thrashing horrors (Abyss:1)
  A soul eater (D:9)
  3 orc high priests
  A spriggan berserker (Swamp:4)
  3 naga sharpshooters (WizLab)
  19 deep elf knights
  The ghost of angelusfrater the Cleaver, a novice HOFi (D:7)
  Amaemon (Lair:2)
  A sixfirhy (Lair:5)
  8 pharaoh ants
  5 spriggans
  A death drake (Swamp:3)
  A sun moth (Spider:1)
  6 skeletal warriors
  7 steelbarb worms
  4 spriggan druids
  3 goliath frogs
  8 swamp dragons
  6 wizards
  Lodul (D:14)
  A deep troll (shapeshifter) (D:15)
  10 orb spiders
  6 bog bodies
  51 deep trolls
  2 orange crystal statues (Zig:3)
  2 glowing orange brains
  19 ironbound convokers
  26 deep elf pyromancers
  A lindwurm (shapeshifter) (Vaults:4)
  22 lindwurms
  10 deep elf archers
  Pikel (D:4)
  13 orc knights
  2 necromancers
  33 deep elf zephyrmancers
  3 fauns (WizLab)
  14 ugly things
  6 orc sorcerers
  8 will-o-the-wisps
  24 wolf spiders
  14 harpies
  3 oklob plants
  5 moths of wrath
  4 manticores
  4 cyclopes
  2 ice statues (Zig:3)
  17 vault sentinels
  2 orange demons
  4 torpor snails
  A moth of wrath (shapeshifter) (Zig:7)
  4 centaur skeletons (D:13)
  A smoke demon (Lair:5)
  3 black mambas
  14 cane toads
  4 gargoyles
  2 efreet
  16 demonic crawlers
  6 rime drakes
  A hellion (Zig:2)
  32 yaktaurs
  4 ice devils (Lair:5)
  A tengu conjurer (D:8)
  A kobold demonologist (D:12)
  A yaktaur (shapeshifter) (D:8)
  8 komodo dragons
  3 polar bears
  5 meliai
  A queen bee (shapeshifter) (Elf:1)
  5 trolls
  9 tyrant leeches
  13 hornets
  34 tarantellas
  Grinder (Sewer)
  49 slime creatures
  13 blink frogs
  6 dream sheep
  A dream sheep (shapeshifter) (D:14)
  17 culicivoras
  28 jumping spiders
  A shadow (D:12)
  2 air elementals (Elf:1)
  3 wraiths
  5 water elementals
  5 wyverns
  5 fire elementals
  53 yaks
  A chaos spawn (D:8)
  11 vampire mosquitoes
  6 basilisks
  6 humans
  52 redbacks
  A neqoxec (D:9)
  7 wargs
  3 steam dragons
  13 swamp worms
  An acid dragon (D:8)
  4 hell hounds (Lair:5)
  21 water moccasins
  6 swamp drakes
  43 orc warriors
  4 ice beasts
  5 black bears
  3 sky beasts
  23 ogres
  3 boggarts (D:15)
  5 centaurs
  17 wolves
  3 small abominations (Abyss:1)
  4 kobold brigands
  2 phantoms
  14 bullfrogs
  5 earth elementals
  4 necrophages
  A gnoll sergeant (D:10)
  7 scorpions
  6 wights
  3 electric eels
  4 howler monkeys
  6 quasits
  3 hounds
  3 jellies
  28 orc priests
  Crazy Yiuf (D:4)
  4 gnoll boudas
  2 iguanas
  23 orc wizards
  2 hell rats
  8 mummies (Ossuary)
  Robin (D:3)
  25 gnolls
  8 adders
  2 river rats
  5 shadow imps
  5 white imps
  7 ufetubi
  5 worms
  2 dart slugs (D:2)
  121 orcs
  11 endoplasms
  3 giant cockroaches
  A gnoll zombie (Ossuary)
  10 goblins
  8 hobgoblins
  8 quokkas
  6 ball pythons
  9 bats
  2 frilled lizards
  3 hobgoblin zombies (Ossuary)
  26 kobolds
  3 kobold zombies
  2 orc zombies (Ossuary)
  7 rats
  A bush (Lair:1)
1742 creatures vanquished.

Vanquished Creatures (others)
  A deep elf demonologist (Elf:3)
  A hydra (Swamp:4)
  2 deep elf knights (Elf:1)
  A swamp dragon (Swamp:4)
  A deep elf archer (Elf:1)
  A wizard (D:15)
  A meliai (Spider:3)
  3 bloated husks (Swamp:1)
  An air elemental (Elf:1)
  A water elemental (Elf:3)
  A kobold zombie (Sewer)
  2 briar patches (WizLab)
  A bush (Lair:2)
  66 foxfires
  32 fungi
  76 plants
  5 starspawn tentacles
196 creatures vanquished.

Grand Total: 1938 creatures vanquished

Notes
Turn   | Place    | Note
-------+----------+-------------------------------------------
     0 | D:1      | mortz the Gargoyle Earth Elementalist began the quest for
                  | the Orb.
     0 | D:1      | Reached XP level 1. HP: 10/10 MP: 3/3
   123 | D:1      | Reached XP level 2. HP: 11/15 MP: 0/5
   490 | D:1      | Learned a level 2 spell: Passwall
   505 | D:1      | Reached XP level 3. HP: 19/19 MP: 6/6
  1032 | D:1      | Identified a scroll of acquirement
  1032 | D:1      | Acquired the +15 Maxwell's patent armour {-Cast -Tele rElec
                  | Will+ rCorr}
  1032 | D:1      | Found the +15 Maxwell's patent armour {-Cast -Tele rElec
                  | Will+ rCorr}
  1973 | D:2      | Found a shimmering altar of Xom.
  2420 | D:2      | Identified the +5 tower shield "Picrae" {Will+ Regen+
                  | Dex-2}
  2504 | D:2      | Reached skill level 1 in Short Blades
  2504 | D:2      | Reached skill level 1 in Armour
  2504 | D:2      | Reached XP level 4. HP: 19/24 MP: 3/7
  2549 | D:2      | Reached XP level 5. HP: 28/28 MP: 6/8
  2559 | D:2      | Reached skill level 1 in Fighting
  2564 | D:2      | Found a faded altar of an unknown god.
  2683 | D:2      | Reached skill level 1 in Shields
  3184 | D:2      | Found a faded altar of an unknown god.
  3411 | D:2      | Found a shimmering altar of Xom.
  4379 | D:3      | Noticed Robin
  4413 | D:3      | Killed Robin
  4414 | D:3      | Reached XP level 6. HP: 34/34 MP: 9/9
  4495 | D:3      | Found a faded altar of an unknown god.
  4499 | D:3      | Found a glowing silver altar of Zin.
  4553 | D:3      | Reached skill level 2 in Shields
  4740 | D:4      | Noticed a black bear
  4763 | D:4      | Noticed a black bear
  4767 | D:4      | Killed a black bear
  4792 | D:4      | Killed a black bear
  4793 | D:4      | Reached skill level 3 in Shields
  4878 | D:4      | Reached XP level 7. HP: 39/39 MP: 10/10
  4924 | D:4      | Found a sand-covered staircase.
  4933 | Ossuary  | Entered an ossuary
  5456 | D:4      | Found a radiant altar of Vehumet.
  5543 | D:4      | Noticed Pikel
  5588 | D:4      | Killed Pikel
  5589 | D:4      | Reached skill level 1 in Throwing
  5589 | D:4      | Reached skill level 4 in Shields
  5589 | D:4      | Reached XP level 8. HP: 45/45 MP: 11/11
  5607 | D:4      | Found a shimmering altar of Xom.
  5655 | D:4      | Found an iron altar of Okawaru.
  5663 | D:4      | Became a worshipper of Warmaster Okawaru
  5811 | D:4      | Found a bloodstained altar of Trog.
  5843 | D:4      | Found a runed translucent door.
  5844 | D:4      | Noticed Crazy Yiuf
  5984 | D:4      | Reached skill level 5 in Shields
  6164 | D:5      | Entered Level 5 of the Dungeon
  6239 | D:5      | Found a basalt altar of Yredelemnul.
  6379 | D:5      | Reached skill level 6 in Shields
  6393 | D:5      | Reached skill level 5 in Short Blades
  6547 | D:5      | Reached * piety under Okawaru
  6894 | D:5      | Reached XP level 9. HP: 49/49 MP: 11/13
  7172 | D:6      | Found a glowing drain.
  7187 | Sewer    | Entered a sewer
  7318 | Sewer    | Reached skill level 5 in Earth Magic
  7330 | Sewer    | Reached skill level 1 in Invocations
  7375 | Sewer    | Found a burning altar of Makhleb.
  7381 | Sewer    | Noticed Grinder
  7434 | Sewer    | Killed Grinder
  7503 | Sewer    | Reached ** piety under Okawaru
  7543 | Sewer    | Reached skill level 7 in Shields
  8357 | D:6      | Found a staircase to the Ecumenical Temple.
  8363 | Temple   | Entered the Ecumenical Temple
  9088 | D:7      | Reached *** piety under Okawaru
  9089 | D:7      | Reached skill level 8 in Shields
  9103 | D:7      | Reached skill level 1 in Long Blades
  9103 | D:7      | Reached XP level 10. HP: 48/56 MP: 12/15
  9342 | D:7      | Found a transporter.
  9352 | D:7      | Found a transporter.
  9501 | D:7      | Reached skill level 5 in Armour
  9570 | D:7      | Noticed angelusfrater's ghost (novice HOFi)
 10170 | D:8      | Reached skill level 9 in Shields
 10181 | D:8      | Reached **** piety under Okawaru
 10244 | D:8      | Noticed a manticore
 10263 | D:8      | Killed a manticore
 10936 | D:8      | Noticed a gargoyle
 10936 | D:8      | Noticed a deep elf pyromancer
 10936 | D:8      | Noticed a tengu warrior
 10936 | D:8      | Noticed a boulder beetle
 11231 | D:8      | Reached XP level 11. HP: 53/62 MP: 11/18
 11289 | D:8      | Reached ***** piety under Okawaru
 11314 | D:8      | Reached skill level 5 in Spellcasting
 11325 | D:8      | Killed a tengu warrior
 11378 | D:8      | Reached skill level 5 in Invocations
 11382 | D:8      | Killed a deep elf pyromancer
 11395 | D:8      | Reached skill level 10 in Shields
 11505 | D:8      | Killed a boulder beetle
 11522 | D:8      | Reached skill level 5 in Long Blades
 11595 | D:8      | Identified the +6 spear "Rixagaalyk" {venom, Str+4 SInv}
 12543 | D:9      | Noticed a two-headed ogre
 12557 | D:8      | Killed a two-headed ogre
 12681 | D:9      | Reached skill level 5 in Fighting
 12747 | D:9      | Found a staircase to the Lair.
 12747 | D:9      | Noticed a death yak
 12753 | D:9      | Noticed a death yak
 12754 | D:9      | Noticed a death yak
 12784 | D:9      | Killed a death yak
 12823 | D:8      | Killed a death yak
 12823 | D:8      | Reached ****** piety under Okawaru
 12823 | D:8      | Received a gift from Okawaru
 12871 | D:8      | Killed a death yak
 13085 | D:9      | Reached XP level 12. HP: 68/68 MP: 20/20
 13195 | D:9      | Found a burning altar of Makhleb.
 13293 | D:9      | Noticed a soul eater
 13314 | D:9      | Killed a soul eater
 13343 | D:9      | Gained mutation: You are strong-willed. (Will+) [a neqoxec]
 13358 | D:9      | Gained mutation: You are frail. (-10% HP) [a neqoxec]
 13549 | D:9      | Found an opulent altar of Gozag.
 13549 | D:9      | Found an ornate altar of the Wu Jian Council.
 13550 | D:9      | Found a hazy altar of Hepliaklqana.
 13733 | D:10     | Entered Level 10 of the Dungeon
 13740 | D:10     | Noticed a two-headed ogre
 13748 | D:9      | Killed a two-headed ogre
 14244 | D:10     | Reached skill level 11 in Shields
 14434 | D:10     | Noticed a seven-headed hydra
 14442 | D:10     | Killed a one-headed hydra
 14824 | D:10     | Noticed math4jedi's ghost (journeyman MiBe)
 14825 | D:10     | Found a runed translucent gate.
 14825 | D:10     | Found a runed translucent gate.
 14825 | D:10     | Found a runed translucent gate.
 14933 | D:10     | Killed math4jedi's ghost
 14933 | D:10     | Received a gift from Okawaru
 15206 | Lair:1   | Entered Level 1 of the Lair of Beasts
 15321 | Lair:1   | Identified the +1 scale mail of Beogh's Generosity {Int+2
                  | Dex+5}
 15423 | Lair:1   | Identified the +4 scale mail of Cocytus {Int+3} (Okawaru
                  | gifted it to you on level 1 of the Lair of Beasts)
 15423 | Lair:1   | Received a gift from Okawaru
 15597 | Lair:1   | Reached skill level 12 in Shields
 16155 | Lair:2   | Noticed an eight-headed hydra
 16165 | Lair:2   | Reached XP level 13. HP: 66/66 MP: 21/21
 16240 | Lair:2   | Found a hole to the Spider Nest.
 16337 | Lair:2   | Noticed Amaemon
 16359 | Lair:2   | Killed Amaemon
 16434 | Lair:2   | Noticed Harold
 16465 | Lair:2   | Killed Harold
 16986 | Lair:2   | Found a stormy altar of Qazlal.
 17084 | Lair:2   | Found a staircase to the Swamp.
 17264 | Lair:3   | Noticed Gastronok
 17293 | Lair:3   | Killed Gastronok
 17293 | Lair:3   | Received a gift from Okawaru
 17382 | Lair:2   | Reached skill level 13 in Shields
 17965 | Lair:2   | Received a gift from Okawaru
 18004 | Lair:2   | Reached skill level 10 in Long Blades
 18092 | Lair:2   | Received a gift from Okawaru
 18184 | Lair:3   | Gained mutation: Your large and strong wings let you fly.
                  | [Gargoyle growth]
 18184 | Lair:3   | Reached XP level 14. HP: 63/73 MP: 18/22
 18624 | Lair:4   | Received a gift from Okawaru
 18708 | Lair:3   | Acquired a manual of Earth Magic
 19020 | Lair:4   | Reached skill level 10 in Invocations
 19496 | Lair:5   | Entered Level 5 of the Lair of Beasts
 19720 | Lair:5   | Found a staircase to the Slime Pits.
 19721 | Lair:5   | Found a viscous altar of Jiyva.
 19832 | Lair:5   | Reached skill level 14 in Shields
 19924 | Lair:5   | Noticed a dire elephant
 19954 | Lair:5   | Killed a dire elephant
 20089 | Lair:4   | Identified the +0 cloak of Qiuf {Drain rN+ Str+7} (Okawaru
                  | gifted it to you on level 4 of the Lair of Beasts)
 20089 | Lair:4   | Received a gift from Okawaru
 20797 | Lair:5   | Found a burning altar of Makhleb.
 20951 | Lair:5   | Found a gateway to Hell.
 21343 | D:4      | Killed Crazy Yiuf
 21521 | D:7      | Killed angelusfrater's ghost
 21643 | D:11     | Found a staircase to the Orcish Mines.
 21969 | D:11     | Identified the +4 trident of Cruel Justice {vorpal, rElec
                  | Str+4 Int+3 Dex+2}
 21984 | D:11     | You are sucked into a shaft and drop 3 floors!
 22289 | D:12     | Reached XP level 15. HP: 80/80 MP: 23/23
 22641 | D:11     | Found a portal to a secret trove of treasure.
 22775 | D:11     | Found an opulent altar of Gozag.
 23010 | D:11     | Reached skill level 1 in Polearms
 23100 | D:12     | Found Jenem's Antique Armour Shop.
 23103 | D:12     | Bought a runed cloak for 187 gold pieces
 23104 | D:12     | Bought a glowing scarf for 200 gold pieces
 23141 | D:11     | Received a gift from Okawaru
 23812 | Orc:1    | Entered Level 1 of the Orcish Mines
 23855 | Orc:1    | Received a gift from Okawaru
 24030 | Orc:2    | Entered Level 2 of the Orcish Mines
 24427 | Orc:1    | Reached skill level 15 in Shields
 24511 | Orc:2    | Noticed an orc warlord
 24618 | Orc:1    | Killed an orc warlord
 25700 | Orc:2    | Noticed an orc warlord
 25855 | Orc:1    | Killed an orc warlord
 26226 | Orc:2    | Found Wyikhl Zeca's Antique Armour Boutique.
 26241 | Orc:2    | Found Ecsoz's Antique Weapon Shop.
 26266 | Orc:2    | Bought a pair of embroidered gloves for 240 gold pieces
 26308 | Orc:2    | Found a staircase to the Elven Halls.
 26602 | Orc:2    | Found Ytuli's Weapon Shop.
 26720 | Orc:2    | Found Ejaz's Antique Armour Shop.
 27230 | Abyss:1  | Cast into level 1 of the Abyss (orc knight)
 27231 | Abyss:1  | Found a corrupted altar of Lugonu.
 27403 | Abyss:1  | Noticed a tentacled starspawn
 27432 | Arena    | Entered the Arena
 27438 | Arena    | Killed a tentacled starspawn
 27462 | Orc:1    | Escaped the Abyss
 28111 | D:13     | Identified the +5 dagger of the Trees {drain, rF+ rC- MP+9
                  | Dex+4}
 28541 | D:13     | Received a gift from Okawaru
 28733 | D:13     | Reached skill level 5 in Polearms
 29116 | D:13     | Reached skill level 16 in Shields
 29153 | D:13     | Found a gate to the Vaults.
 29354 | D:13     | Identified the +3 leather armour of Hebishel {rC+ Will+}
 29451 | D:14     | Noticed Lodul
 29864 | D:14     | Noticed Rupert
 29931 | D:14     | Killed Rupert
 29931 | D:14     | Received a gift from Okawaru
 29932 | D:14     | Reached XP level 16. HP: 58/86 MP: 12/25
 30220 | D:14     | Identified the +1 short sword "Arcanum" {distort, *Noise
                  | rElec rC+ Will+++}
 31020 | D:14     | Killed Lodul
 31657 | D:15     | Entered Level 15 of the Dungeon
 32480 | D:15     | Found an opulent altar of Gozag.
 32871 | D:15     | Identified the +1 leather armour "Tasif" {Harm rC++}
 32986 | D:15     | Noticed a quicksilver dragon
 33020 | D:15     | Killed a quicksilver dragon
 33113 | D:15     | Found a staircase to the Depths.
 33538 | D:15     | Found a staircase to the Depths.
 33669 | D:15     | Found an opulent altar of Gozag.
 34064 | Swamp:1  | Entered Level 1 of the Swamp
 34373 | Swamp:1  | Identified the +7 short sword of Theory {flame, rC+ Str+3}
                  | (Okawaru gifted it to you on level 1 of the Swamp)
 34373 | Swamp:1  | Received a gift from Okawaru
 34487 | Swamp:1  | Reached skill level 17 in Shields
 34836 | Swamp:1  | Noticed a tentacled monstrosity
 34876 | Swamp:1  | Killed a tentacled monstrosity
 35892 | Swamp:3  | Noticed a thorn hunter
 35924 | Arena    | Entered the Arena
 35933 | Arena    | Killed a thorn hunter
 36055 | Swamp:3  | Found an iron altar of Okawaru.
 36285 | Swamp:3  | Reached skill level 1 in Evocations
 36665 | Swamp:4  | Entered Level 4 of the Swamp
 36665 | Swamp:4  | Noticed Kirke
 36665 | Swamp:4  | Noticed a fenstrider witch
 36703 | Swamp:3  | Killed Kirke
 36704 | Swamp:3  | Reached XP level 17. HP: 90/90 MP: 20/26
 36912 | Swamp:4  | Reached skill level 10 in Fighting
 37035 | Swamp:4  | Received a gift from Okawaru
 37469 | Swamp:3  | Identified the +0 pair of gloves of Henotheism {Regen+}
                  | (Okawaru gifted it to you on level 3 of the Swamp)
 37469 | Swamp:3  | Received a gift from Okawaru
 37643 | Swamp:3  | Reached skill level 18 in Shields
 37739 | Swamp:4  | Noticed Aizul
 37846 | Swamp:3  | Killed Aizul
 38208 | Swamp:4  | Got a decaying rune of Zot
 38844 | Spider:1 | Entered Level 1 of the Spider Nest
 41798 | Spider:1 | Reached skill level 19 in Shields
 41969 | Spider:1 | Reached XP level 18. HP: 91/97 MP: 23/28
 42347 | Spider:2 | Received a gift from Okawaru
 42566 | Spider:2 | Identified the +1 pair of gloves of Divine Intervention
                  | {rPois} (Okawaru gifted it to you on level 2 of the Spider
                  | Nest)
 42566 | Spider:2 | Received a gift from Okawaru
 42577 | Spider:2 | Reached skill level 10 in Polearms
 42662 | Spider:2 | You are sucked into a shaft and drop 1 floor!
 42677 | Arena    | Entered the Arena
 44247 | Spider:3 | Noticed Donald
 44270 | Spider:3 | Killed Donald
 44532 | Spider:4 | Entered Level 4 of the Spider Nest
 44852 | Spider:4 | Noticed Agnes
 44906 | Spider:3 | Killed Agnes
 45185 | Spider:3 | Reached skill level 15 in Invocations
 45708 | Spider:4 | Reached skill level 20 in Shields
 45830 | Spider:4 | Received a gift from Okawaru
 45851 | Spider:4 | Reached skill level 10 in Armour
 46924 | Spider:4 | Reached XP level 19. HP: 103/103 MP: 2/30
 48075 | Spider:4 | Identified the +6 chain mail of Fuduwn {Rampage rElec rC+++
                  | Dex-4}
 48079 | Spider:4 | Identified the +0 hat of the Ladybird {*Corrode Regen+
                  | Str+2}
 48095 | Spider:4 | Identified the +0 pair of gloves of Omission {Harm Rampage
                  | Str+4 Dex-5}
 48119 | Spider:4 | Got a gossamer rune of Zot
 48435 | Vaults:1 | Entered Level 1 of the Vaults
 48446 | Vaults:1 | Received a gift from Okawaru
 48446 | Vaults:1 | Found the +3 Mad Mage's Maulers {Infuse+∞ RegenMP Int-3}
 48563 | Vaults:1 | Found Foyso's Book Shoppe.
 48572 | Vaults:1 | Found Daud's Assorted Antiques.
 48614 | Vaults:1 | Found Itelikkiudghu's Antique Weapon Shop.
 48628 | Vaults:1 | Found a magical portal.
 48649 | WizLab   | Entered Eringya's Formal Garden
 49577 | WizLab   | Reached skill level 21 in Shields
 50387 | WizLab   | Found a blossoming altar of Fedhas.
 50674 | Vaults:1 | Found Comojor's Distillery.
 50745 | Vaults:1 | Bought a potion of might for 52 gold pieces
 50745 | Vaults:1 | Bought a potion of haste for 130 gold pieces
 50745 | Vaults:1 | Bought a potion of magic for 104 gold pieces
 51721 | Vaults:1 | Found Lopeal's Book Shop.
 52348 | Vaults:2 | Identified the +5 hand axe "Ruyroxerph" {pain, Dex+4}
 52388 | Vaults:2 | Received a gift from Okawaru
 53252 | Vaults:2 | Identified the +12 plate armour "Piyteusesch" {Contam
                  | *Corrode Dex+9 Slay+3} (Okawaru gifted it to you on level 2
                  | of the Vaults)
 53252 | Vaults:2 | Received a gift from Okawaru
 53441 | Vaults:2 | Reached XP level 20. HP: 110/110 MP: 1/31
 53662 | Vaults:2 | Reached skill level 22 in Shields
 57483 | Vaults:2 | Received a gift from Okawaru
 59321 | Vaults:3 | Reached skill level 23 in Shields
 60196 | Vaults:3 | Found a staircase to the Crypt.
 60580 | Vaults:3 | Found Isuo's Antique Weapon Shop.
 61080 | Vaults:3 | Reached XP level 21. HP: 117/117 MP: 0/32
 62490 | Vaults:3 | Identified the +1 demon blade "Vywed" {drain, rPois rC+
                  | Dex-3} (Okawaru gifted it to you on level 3 of the Vaults)
 62490 | Vaults:3 | Received a gift from Okawaru
 64834 | Vaults:4 | Reached skill level 15 in Long Blades
 65088 | Vaults:4 | Received a gift from Okawaru
 65776 | Vaults:4 | Reached skill level 24 in Shields
 67735 | Elf:1    | Entered Level 1 of the Elven Halls
 67828 | Elf:1    | Paralysed by an air elemental for 1 turns
 67942 | Elf:1    | Reached skill level 15 in Fighting
 68108 | Elf:1    | Reached XP level 22. HP: 126/126 MP: 33/33
 68221 | Elf:1    | Paralysed by an air elemental for 1 turns
 68509 | Elf:1    | Identified the +2 hat of the Majestic God {*Corrode rN++
                  | Str+4}
 69485 | Elf:1    | Received a gift from Okawaru
 69682 | Elf:2    | Noticed Jorgrun
 69812 | Elf:2    | Killed Jorgrun
 69970 | Elf:2    | Received a gift from Okawaru
 70021 | Elf:2    | Found Ymojyc's Assorted Antiques.
 70027 | Elf:2    | Bought a marble ring for 155 gold pieces
 70029 | Elf:2    | Bought a smoking platinum ring for 155 gold pieces
 70029 | Elf:2    | Identified the ring of Fallacy {rF+ rC++ Str+3 Dex-5} (You
                  | bought it in a shop on level 2 of the Elven Halls)
 70113 | Elf:2    | Found a runed translucent gate.
 70115 | Elf:2    | Found a runed translucent gate.
 70120 | Elf:2    | Found a runed translucent gate.
 70287 | Elf:2    | Reached skill level 25 in Shields
 71035 | Elf:3    | Entered Level 3 of the Elven Halls
 71404 | Elf:3    | Received a gift from Okawaru
 71941 | Elf:3    | Identified the ring of Activism {EV+4 Int+5 SInv}
 72576 | Elf:3    | Identified the +1 robe of the Prince of Darkness {rN+ Will+
                  | Int+3}
 72580 | Elf:3    | Identified the +7 falchion of Otryd {freeze, Stlth+}
 72596 | Elf:3    | Received a gift from Okawaru
 72613 | Elf:3    | Identified the +9 whip "Titekyose" {venom, rElec Dex+4}
 72614 | Elf:3    | Identified the +7 trident "Net Ligi" {vorpal, Str+3}
 72705 | Elf:3    | Got Lacaos's Grimoire of Excruciating Wicked Arts
 72713 | Elf:3    | Identified the +9 arbalest "Huferyer" {freeze, rElec Str-3
                  | Dex+7 Stlth+}
 72715 | Elf:3    | Identified the +1 mace "Lut Isku" {speed, rF+}
 72797 | Elf:3    | Got the Compilation of Glamour
 72816 | Elf:3    | Got Jaez's Almanac of Shifting Execration
 73284 | Depths:1 | Entered Level 1 of the Depths
 73284 | Depths:1 | Found a blossoming altar of Fedhas.
 73293 | Depths:1 | Noticed a dread lich
 73365 | Depths:1 | Noticed Nide's ghost (veteran KoEE)
 73470 | Depths:1 | Reached XP level 23. HP: 130/131 MP: 34/34
 73479 | Depths:1 | Found a transporter.
 73483 | Depths:1 | Found a one-way gate to the infinite horrors of the Abyss.
 73494 | Depths:1 | Found a one-way gateway to a ziggurat.
 73516 | Zig:1    | Entered Level 1 of a ziggurat
 73566 | Zig:2    | Entered Level 2 of a ziggurat
 73566 | Zig:2    | Noticed Qanyupun the pandemonium lord
 73572 | Zig:2    | Paralysed by a floating eye for 3 turns
 73587 | Zig:2    | Killed Qanyupun the pandemonium lord
 73660 | Zig:3    | Entered Level 3 of a ziggurat
 73869 | Zig:3    | Acquired the ring of Laigolagie {rF+ Str+4 Int+6}
 73879 | Zig:4    | Entered Level 4 of a ziggurat
 73896 | Zig:4    | Received a gift from Okawaru
 73949 | Zig:5    | Entered Level 5 of a ziggurat
 73991 | Zig:5    | Reached skill level 26 in Shields
 74064 | Zig:6    | Entered Level 6 of a ziggurat
 74286 | Zig:6    | Identified the +0 pair of gloves of Woukaidgh {*Slow Str+7
                  | Int+3}
 74291 | Zig:6    | Identified the ring "Oczorchu" {rF+ Dex+4 SInv}
 74414 | Zig:7    | Entered Level 7 of a ziggurat
 74418 | Zig:7    | Found the +14 obsidian axe {vorpal, Mesm Drain Fly SInv}
 74432 | Zig:7    | Noticed a golden dragon
 74438 | Zig:7    | Noticed a dread lich
 74463 | Zig:7    | Killed a golden dragon
 74491 | Zig:7    | Killed a dread lich
 74596 | Zig:8    | Entered Level 8 of a ziggurat
 74652 | Zig:8    | Killed from afar by a red draconian scorcher

Illustrated notes

Levels and vault maps discovered:
D:1:      dreamdust_arrival_sigmund_warning, layout_basic, minmay_misc_feat_chi
D:2:      layout_basic, basic_altar, ebering_ecumenical_altar_webs,
          chequers_hall_statues_y
D:3:      layout_basic, nicolae_overflow_ecumenical_swirl, uniq_robin
D:4:      layout_loops_ring, trog_ov_bears_minmay, nicolae_vehumet_altar_sigil,
          mainiacjoe_overflow_catch_the_wave, enter_ossuary_1,
          guppyfry_early_lair_pool, uniq_pikel, uniq_crazy_yiuf_cottage
D:5:      layout_basic, yredelemnul_altar_generic, kennysheep_generic_room_13
D:6:      layout_basic, minmay_temple_entry_hall, cheibrodos_sewer_entry_bend
D:7:      layout_loops_corners, gammafunk_ghost_stat_death, minivault_26,
          minmay_manual_mail
D:8:      minmay_the_grid_triangle_9x9_recursive_2
          [minmay_the_grid_triangle_9x9_prize_insulated,
          minmay_the_grid_triangle_9x9_semitri,
          minmay_the_grid_triangle_9x9_stretched_checkered,
          minmay_the_grid_triangle_9x9_shrine], layout_loops_corners,
          minmay_tree_intersection, wad_floor_pattern_untrapped
D:9:      layout_small_grid, lightli_temple_of_fire,
          nicolae_overflow_hidden_temple, dpeg_lair_monsters, serial_demonic,
          serial_demonic_c, serial_demonic_f, serial_demonic_c,
          serial_demonic_c, chequers_avenue, st_stairs_7
D:10:     layout_layer_cave, biasface_ghost_orc_armoury
D:11:     layout_roguey, orc_0_dummy, enter_trove_0, serial_bayou_lagoon_a,
          grunt_gozag_breadcrumbs
D:12:     layout_basic, serial_shops, nicolae_stop_n_shop_1
D:13:     layout_gridville, hangedman_vaults_entry_quadrant_bands,
          gauntlet_entry_generic
D:14:     layout_layer_cave, minmay_misc_feat_roman, uniq_rupert, uniq_lodul
D:15:     hangedman_depths_entry_civil_slaughter, layout_loops_ring,
          lemuel_crystal_altar
Temple:   hellmonk_temple_flake
Lair:1:   layout_concentric_octagons, nicolae_quartered_pool_little,
          minmay_lair_oklob_items, beast_lair_carwin_11,
          infiniplex_staircase_pool_2, grunt_megastairs_1
Lair:2:   layout_chaotic_city, nicolae_swamp_entry_splash_gauntlet,
          spider_nest_entry_web_field, basic_altar, grunt_megastairs_3,
          uniq_harold, uniq_amaemon
Lair:3:   layout_long_grid, serial_bayou_shore_a, grunt_megastairs_5,
          uniq_gastronok
Lair:4:   layout_roguey, kennysheep_basilisk_garden
Lair:5:   evil_forest, layout_regular_city, dpeg_slime_entry_corner
Swamp:1:  cheibrodos_swamp_monstrosity, layout_basic_swamp,
          nicolae_swamp_long_stream, swamp_pool4
Swamp:2:  layout_basic_swamp, evilmike_swamp_ruin_house_4
Swamp:3:  layout_basic_swamp, basic_altar
Swamp:4:  swamp_alternative, layout_basic_swamp, uniq_kirke, uniq_aizul
Spider:1: layout_chambers
Spider:2: layout_cave_pods
Spider:3: layout_spider_delve, nicolae_spider_checkerboard, uniq_donald
Spider:4: spider_rune_water, nicolae_spider_jagged_tunnels, uniq_agnes
Orc:1:    layout_caves
Orc:2:    grunt_orc_community_town_hall, layout_caves,
          grunt_orc_community_big_house_1, grunt_orc_community_big_house_1,
          grunt_orc_community_house_1, grunt_orc_community_house_2,
          grunt_orc_community_house_2, grunt_orc_community_house_2
Elf:1:    layout_loops_ring, kennysheep_underground_church
Elf:2:    nicolae_elf_blades_splatter_lattice
          [nicolae_vaults_blade_armed_guards], layout_geoelf_grid, serial_shops,
          shop, uniq_jorgrun
Elf:3:    minmay_elf_hall_spiked, layout_geoelf_octagon,
          nicolae_elf_blasts_and_bolts
Vaults:1: lightli_enter_wizlab_magi_temple, v_misc_24, ontoclasm_vaults_chip,
          v_misc_2, ontoclasm_vaults_pinch, ontoclasm_vaults_misaligned,
          ontoclasm_vaults_loading_screen, layout_vaults_quadrants,
          serial_shops, nicolae_shop_statue_plus, shop, shop,
          nicolae_shop_advertising_works [nicolae_subvault_shop_adworks],
          nicolae_shop_trees
Vaults:2: vaults_dpeg_hooks, v_misc_33, nicolae_vaults_little_squares_5,
          ontoclasm_vaults_twist, vaults_room_pool,
          vaults_standard_mumra_enter_the_diamond, v_alt_pattern_5,
          vaults_room_boxed, nicolae_vaults_asterisk,
          nicolae_vaults_network_square, vaults_room_guarded_vault, v_rooms_1,
          nicolae_vaults_gold_heap, vaults_room_semicircle, v_misc_24,
          ontoclasm_vaults_loading_screen, vaults_dpeg_spiral,
          layout_vaults_omnibox
Vaults:3: hangedman_vaults_maws, hangedman_vaults_nails, v_rooms_2,
          ontoclasm_vaults_tryst, minmay_crypt_entry_simple_box,
          vaults_mumra_hex, vaults_room_large_hall, nicolae_vaults_rhombus_6,
          v_alt_pattern_2, vaults_mumra_bighexcomb,
          nicolae_vaults_network_quinsquares
          [nicolae_vaults_network_quincunx_subvault,
          nicolae_vaults_network_quincunx_subvault,
          nicolae_vaults_network_quincunx_subvault,
          nicolae_vaults_network_quincunx_subvault], nicolae_vaults_asterisk,
          nicolae_vaults_little_squares_5, layout_vaults_omnicross,
          serial_shops, nicolae_shop_statue_plus
Vaults:4: nicolae_vaults_twisting_passages, v_pattern_3, v_misc_2, v_misc_23,
          ontoclasm_vaults_hangar, nicolae_vaults_branching_niches, v_rooms_6,
          nicolae_vaults_bisected_exclaves, nicolae_vaults_rhombus_5,
          ontoclasm_vaults_ring_large, layout_vaults_maze_snakey
Depths:1: layout_honeycomb, enter_ziggurat_e, fedhas_altar_3, hell_entry,
          gammafunk_ghost_mausoleum, abyss_entry_glasseish,
          nicolae_ashenzari_panopticon
Zig:8

Skill      XL: |  1  2  3  4  5  6  7  8  9 10 11 12 13 14 15 16 17 18 19 20 21 22 23 |
---------------+----------------------------------------------------------------------+-----
Earth Magic    | 4 6 7 8 |  8.2
Short Blades   | 1 2 3 4 5 6 |  6.0
Armour         | 1 2 3 4 5 6 7 8 9 10 11 12 13 | 13.4
Fighting       | 1 2 3 4 5 6 7 8 9 10 11 12 13 15 16 | 16.2
Shields        | 1 3 4 6 8 9 10 12 13 14 16 17 19 20 21 23 24 25 26 | 26.2
Throwing       | 1 2 |  2.4
Invocations    | 3 4 5 7 9 11 12 13 14 15 | 15.6
Spellcasting   | 3 4 5 |  5.9
Long Blades    | 1 4 6 8 10 11 12 13 14 15 16 | 16.2
Dodging        | 2 3 4 |  4.2
Stealth        | 3 4 |  4.6
Polearms       | 5 8 9 10 | 10.4
Evocations     | 1 2 |  2.4
Axes           | |  0.3
Transmutations | |  0.7

Action                   |  1- 3 |  4- 6 |  7- 9 | 10-12 | 13-15 | 16-18 | 19-21 | 22-24 || total
-------------------------+-------+-------+-------+-------+-------+-------+-------+-------++-------
Melee: Rapier            |   124 |   229 |   818 |       |       |       |       |       ||  1171
       Punch             |     1 |       |       |       |       |       |       |       ||     1
       Long sword        |       |       |    54 |   387 |       |       |       |       ||   441
       Hand axe          |       |       |    33 |       |       |       |       |       ||    33
       Scimitar          |       |       |       |   638 |  1018 |  1068 |  1990 |  1095 ||  5809
       Trident           |       |       |       |       |  1534 |  2317 |       |       ||  3851
       Spear             |       |       |       |       |       |   274 |   194 |   119 ||   587
       Quick blade       |       |       |       |       |       |       |    74 |       ||    74
Throw: Stone             |       |    18 |       |       |       |       |       |       ||    18
       Boomerang         |       |     1 |    53 |     4 |   288 |    79 |       |     2 ||   427
       Dart              |       |       |       |    68 |   186 |   117 |   105 |    40 ||   516
       Throwing net      |       |       |       |       |       |     1 |       |       ||     1
 Cast: Sandblast         |    35 |       |       |       |       |       |       |       ||    35
Invok: Heroism           |       |       |       |     5 |     1 |     4 |     1 |       ||    11
       Finesse           |       |       |       |       |     7 |    12 |       |     9 ||    28
       Duel              |       |       |       |       |     1 |     2 |       |       ||     3
Evoke: Wand              |       |       |       |       |     3 |    69 |     2 |    37 ||   111
  Use: Scroll            |     7 |     6 |    13 |     4 |     7 |     4 |    19 |     4 ||    64
       Potion            |       |       |       |       |     3 |    24 |     3 |     7 ||    37
 Stab: Sleeping          |     2 |       |       |       |       |       |       |       ||     2
       Invisible         |       |       |       |     2 |     2 |     5 |       |     2 ||    11
       Petrified         |       |       |       |       |     1 |       |       |       ||     1
       Distracted        |       |       |       |       |       |       |     2 |       ||     2
       Confused          |       |       |       |       |       |       |       |     5 ||     5
Armor: Robe              |     2 |       |       |       |       |       |       |       ||     2
       Plate armour      |    71 |   225 |   620 |   617 |  1346 |  2812 |  1007 |   496 ||  7194
Dodge: Dodged            |    13 |     5 |    25 |    49 |   215 |   591 |   211 |   209 ||  1318
       Repelled          |       |       |       |       |     3 |    12 |     7 |    19 ||    41
Block: Tower shield      |    45 |   236 |   936 |  1201 |  3455 |  5264 |  2751 |  1438 || 15326
